 Seeded DCSS version 0.28.0-62-gf88900778d (webtiles) character file.

Game seed: 13591998346360536447 (custom seed)

4 Psyclone the Ducker (level 1, -3/18 HPs)
             Began as a Troll Artificer on Oct 22, 2023.
             Slain by a kobold
             ... wielding a +0 club
              (4 damage)
             ... on level 1 of the Dungeon.
             The game lasted 00:00:02 (46 turns).

Psyclone the Ducker (Troll Artificer)                 Turns: 46, Time: 00:00:03

Health: -3/18      AC:  4    Str: 19    XL:     1   Next: 58%
Magic:  0/0        EV: 10    Int:  7    God:
Gold:   0          SH:  0    Dex: 10    Spells: 0/0 levels left

rFire   . . .      SeeInvis .   a - +0 club
rCold   . . .      Faith    .   (no shield)
rNeg    . . .      Spirit   .   b - +0 robe
rPois   .          Reflect  .   (helmet restricted)
rElec   .          Harm     .   (no cloak)
rCorr   .          Rampage  .   (gloves unavailable)
Will    .....                   (boots unavailable)
Stlth   +.........              (no amulet)
HPRegen 0.86/turn               (no ring)
MPRegen 0.07/turn               (no ring)

@: no status effects
A: large, unfitting armour, claws 3, regeneration 1, shaggy fur 1, tough skin 1
a: no special abilities


You were on level 1 of the Dungeon.
You visited 1 branch of the dungeon, and saw 1 of its levels.

Inventory:

Hand Weapons
 a - a +0 club (weapon)
Armour
 b - a +0 robe (worn)
Wands
 c - a wand of flame (15) (quivered)
 d - a wand of charming (15)
Miscellaneous
 e - a piece from Xom's chessboard (15/15)


   Skills:
 - Level 0.7 Fighting
 + Level 2.2 Dodging
 - Level 0.3 Stealth
 - Level 2.1 Evocations


You couldn't memorise any spells.
You didn't know any spells.
Your spell library was empty.

Dungeon Overview and Level Annotations

Branches:
Dungeon (1/15)

Altars:


Innate Abilities, Weirdness & Mutations

You are too large for most types of armour.
You have claws for hands.
Your natural rate of healing is unusually fast.
You are covered in fur. (AC +1)
You have tough skin. (AC +1)


Message History

The dart slug is moderately wounded.
The dart slug bites you.
You hit the dart slug. Your claw misses the dart slug.
The dart slug is severely wounded.
The dart slug bites you. The kobold hits you with a +0 club.
The dart slug closely misses you.
A bat comes into view.
The kobold throws a stone.
The stone barely misses you. The dart slug barely misses you.
The kobold barely misses you. The bat closely misses you.
The dart slug launches a dart at you. The slug dart hits you.
The kobold closely misses you. The kobold closely misses you.
The bat hits you but does no damage. The bat barely misses you.
The bat hits you but does no damage. The dart slug closely misses you.
The kobold barely misses you. The bat misses you.
The dart slug launches a dart at you. The slug dart misses you.
The kobold hits you with a +0 club. The bat hits you but does no damage.
The kobold hits you with a +0 club. The bat hits you but does no damage.
The bat hits you but does no damage. The dart slug launches a dart at you.
The slug dart hits you. The kobold hits you but does no damage.
The dart slug launches a dart at you. The slug dart hits you.
The kobold hits you with a +0 club. The bat hits you but does no damage.
The kobold hits you with a +0 club.
* * * LOW HITPOINT WARNING * * *
The dart slug bites you but does no damage.
The bat hits you but does no damage. The kobold hits you but does no damage.
The bat barely misses you. The bat hits you but does no damage.
The dart slug bites you.
* * * LOW HITPOINT WARNING * * *
The kobold hits you with a +0 club.
* * * LOW HITPOINT WARNING * * *
The bat hits you but does no damage. The dart slug launches a dart at you.
The slug dart hits you.
* * * LOW HITPOINT WARNING * * *
The kobold hits you with a +0 club.
You die...

....P.....P.....#..+###
..P.........♣).........
.♣.♣.P...P...........#
...♣P..P.....P......##
.♣.P....♣.♣.........#
........♣.....#...$...
..♣.....♣....####.....
...............(......
#####.@w..(.####(#...
.......K.....# ...
###....#.....# #
#......b....#
#...........(...
#.....###.###### #.....
#.. #.#### ##.# ..


You could see a dart slug, a bat and a kobold.

Vanquished Creatures
  An endoplasm (D:1)
  A hobgoblin (D:1)
  A kobold (D:1)
  A rat (D:1)
4 creatures vanquished.

Notes
Turn   | Place    | Note
-------+----------+-------------------------------------------
     0 | D:1      | Psyclone the Troll Artificer began the quest for the Orb.
     0 | D:1      | Reached XP level 1. HP: 18/18 MP: 0/0
    46 | D:1      | Slain by a kobold

Illustrated notes

Levels and vault maps discovered:
D:1:      wander_arrival_fairy_ring, layout_basic, chequers_serial_rivers_room_a

Skill      XL: |  1 |
---------------+----+-----
Dodging        | 2 |  2.2
Fighting       | |  0.7
Stealth        | |  0.3
Evocations     | |  2.1

Action                   || total
-------------------------++-------
Melee: Club              ||    14
Armor: Robe              ||    20
Dodge: Dodged            ||    28
